Selects Airborne Battlegroup
Construct Weapon Support Center
Construct Medical Station
Mechanized Support Center
Selects Paratrooper Squad Paradrop
Paratrooper Squad Paradrop
Paratrooper Squad Paradrop
Selects Anti-tank Gun Team Paradrop
Paratrooper Squad Paradrop
Anti-tank Gun Team Paradrop
Anti-tank Gun Team Paradrop
M4(105) Sherman Bulldozer
Designate Forward Repair Station
Paratrooper Squad Paradrop
M18 Hellcat Tank Destroyer
Selects Dual P-47 Rocket Strike
M18 Hellcat Tank Destroyer
M18 Hellcat Tank Destroyer